Map: Pillars of Gold LE

Players

Behemoth - Winner!

  • Race: Protoss Protoss
  • League: Diamond
  • Spawn Location: 1:00

ActionJaxon

  • Race: Zerg Zerg
  • League: Master
  • Spawn Location: 7:00

VOD

Have the link to the VOD?

Description

Time

  • Played on: June 22, 2020, 12:56 p.m.
  • Length: 14:54
Show
View Real Time Build Order
Export as new Build Order

Behemoth Protoss - Winner!

Build Orders: Oracle Opening 

Get SALT Encoding   

  12  0:01  Probe  
  13  0:13  Probe  
  14  0:21  Pylon  
  14  0:25  Probe  
  15  0:35  Probe  
  16  0:43  Probe  
  17  0:53  Probe  
  18  1:04  Probe, Gateway  
  19  1:12  Probe  
  19  1:16  Assimilator  
  20  1:20  Probe  
  20  1:22  Assimilator  
  21  1:32  Probe  
  22  1:37  Pylon  
  22  1:44  Probe  
  23  1:55  Zealot  
  23  1:56  Probe  
  23  1:59  Cybernetics Core  
  23  2:00  Pylon  
  26  2:08  Probe  
  27  2:20  Probe  
  28  2:25  Zealot  
  30  2:32  Probe  
  30  2:36  Warp Gate  
  31  2:38  Stargate  
  31  2:44  Probe  
  32  2:56  Nexus  
  31  2:59  Probe  
  32  3:07  Probe  
  32  3:12  Oracle  
  33  3:14  Assimilator  
  33  3:16  Shield Battery  
  33  3:17  Probe  
  37  3:29  Probe  
  38  3:35  Forge  
  38  3:41  Probe  
  37  3:59  Stargate  
  37  4:07  Oracle  
  40  4:18  Stargate  
  40  4:27  Probe  
  40  4:30  Probe  
  42  4:34  Assimilator  
  42  4:35  Probe  
  42  4:42  Probe, Photon Cannon  
  42  4:43  Pylon, Probe  
  42  4:44  Oracle  
  47  4:51  Oracle, Probe  
  51  4:54  Probe  
  53  5:02  Pylon  
  53  5:06  Probe  
  54  5:07  Pylon  
  54  5:08  Oracle  
  57  5:15  Probe  
  57  5:19  Probe  
  59  5:23  Oracle  
  59  5:26  Oracle  
  59  5:27  Probe  
  59  5:28  Pylon  
  63  5:31  Probe  
  64  5:40  Probe  
  68  5:43  Probe  
  68  5:49  Protoss Ground Weapons Level 1  
  69  5:52  Probe  
  69  5:54  Nexus  
  70  5:59  Pylon  
  70  6:02  Pylon  
  70  6:16  Void Ray  
  70  6:18  Void Ray  
  77  6:20  Probe  
  77  6:23  Zealot  
  80  6:38  Void Ray  
  83  6:59  Void Ray  
  83  7:00  Void Ray  
  83  7:01  Probe x2  
  91  7:13  Probe x2  
  91  7:14  Robotics Facility  
  93  7:16  Pylon  
  93  7:18  Gateway  
  93  7:20  Gateway  
  93  7:22  Gateway  
  93  7:25  Probe  
  94  7:48  Nexus  
  94  7:52  Pylon, Photon Cannon  
  91  8:14  Photon Cannon  
  91  8:15  Photon Cannon  
  91  8:17  Pylon  
  91  8:18  Probe x2  
  91  8:19  Pylon  
  93  8:21  Pylon, Void Ray  
  97  8:30  Probe x2  
  99  8:42  Probe x2  
  101  8:59  Void Ray x2  
  109  9:04  Void Ray  
  109  9:08  Twilight Council  
  113  9:10  Probe x2  
  113  9:12  Assimilator  
  115  9:17  Assimilator  
  115  9:26  Observer  
  116  9:42  Void Ray  
  116  9:43  Zealot  
  116  9:44  Zealot x3  
  120  9:48  Charge  
  120  9:49  Protoss Ground Armor Level 1  
  118  10:02  Void Ray x2  
  126  10:09  Gateway  
  126  10:12  Gateway  
  126  10:15  Gateway  
  126  10:16  Gateway  
  126  10:21  Shield Battery  
  126  10:22  Photon Cannon  
  126  10:25  Void Ray  
  130  10:44  Void Ray  
  130  10:45  Zealot, Void Ray  
  140  10:50  Gateway  
  140  10:54  Gateway  
  140  10:56  Nexus  
  140  10:58  Pylon  
  140  10:59  Pylon  
  140  11:01  Pylon  
  128  11:24  Zealot x3  
  128  11:25  Zealot x3  
  136  11:26  Zealot x2  
  130  11:49  Void Ray x3  
  127  11:57  Zealot x3  
  133  12:05  Photon Cannon  
  132  12:32  Void Ray  
  122  12:46  Void Ray  
  122  12:47  Dark Shrine, Void Ray  
  122  12:49  Observer  
  131  12:59  Probe x3  
  131  13:01  Probe  
  135  13:10  Immortal  
  135  13:11  Zealot x2, Probe x3  
  135  13:12  Zealot x3  
  152  13:13  Probe  
  152  13:15  Void Ray  
  156  13:22  Zealot x2  
  156  13:23  Zealot x3  
  150  13:33  Probe x4  
  147  13:36  Stalker x3  
  147  13:37  Stalker  
  147  13:39  Stalker  
  157  13:45  Probe x2  
  159  13:53  Probe x2  
  159  13:54  Probe  
  161  13:57  Photon Cannon  
  161  13:58  Photon Cannon  
  161  14:00  Pylon, Probe  
  159  14:05  Probe  
  159  14:08  Templar Archives  
Show
View Real Time Build Order
Export as new Build Order

ActionJaxon Zerg 

Build Orders: 3 Hatch before Pool, Swarm Host 

Get SALT Encoding   

  12  0:01  Drone  
  13  0:13  Overlord  
  13  0:17  Drone  
  14  0:32  Drone x2  
  16  0:37  Drone  
  17  1:00  Hatchery  
  17  1:02  Evolution Chamber  
  16  1:08  Hatchery  
  16  1:11  Drone  
  16  1:14  Drone  
  16  1:18  Drone  
  18  1:34  Spawning Pool  
  17  1:40  Drone  
  17  1:41  Drone  
  19  1:59  Hatchery  
  18  2:04  Drone  
  19  2:20  Drone x2, Queen  
  23  2:22  Extractor  
  23  2:28  Queen  
  24  2:39  Overlord  
  24  2:40  Drone  
  24  2:43  Drone x2  
  27  2:52  Drone  
  28  2:59  Queen  
  30  3:07  Queen  
  30  3:08  Drone  
  30  3:10  Drone  
  34  3:17  Zergling x4  
  34  3:19  Drone  
  37  3:20  Drone  
  38  3:27  Queen  
  40  3:47  Drone x2, Metabolic Boost  
  41  4:08  Overlord x2  
  41  4:13  Lair  
  38  4:25  Spore Crawler  
  38  4:29  Drone x14  
  51  4:38  Drone x3  
  54  4:48  Drone x3  
  57  4:55  Drone, Extractor  
  57  5:00  Evolution Chamber  
  57  5:03  Extractor, Overlord  
  57  5:05  Overlord x2  
  56  5:07  Extractor  
  56  5:08  Spore Crawler, Extractor  
  56  5:09  Drone x4  
  56  5:10  Drone, Extractor  
  57  5:15  Zergling x2  
  57  5:20  Infestation Pit  
  57  5:21  Zergling x2  
  57  5:26  Drone  
  57  5:28  Drone x5  
  62  5:32  Zergling x2  
  64  5:39  Drone x2  
  64  5:40  Overlord  
  66  5:45  Nydus Network  
  65  6:10  Swarm Host x7  
  86  6:13  Drone x4  
  86  6:16  Overlord  
  90  6:24  Nydus Canal  
  86  6:41  Spore Crawler x2  
  86  6:44  Spore Crawler x2  
  86  6:45  Spore Crawler  
  75  6:49  Spore Crawler x2  
  75  6:52  Spore Crawler x2  
  57  6:54  Spore Crawler  
  57  6:57  Queen x2  
  59  7:16  Drone  
  59  7:17  Drone x6  
  66  7:28  Nydus Canal  
  66  7:32  Queen  
  67  8:04  Queen x2  
  71  8:08  Queen  
  71  8:12  Nydus Canal  
  73  8:16  Drone x5  
  78  8:20  Drone x3  
  78  8:21  Drone x2  
  78  8:22  Drone x3  
  78  8:23  Drone x2  
  78  8:24  Drone  
  89  8:40  Queen  
  85  8:41  Queen  
  85  8:44  Zergling x2  
  85  8:45  Queen  
  83  8:53  Drone x4  
  83  8:55  Drone x4  
  87  8:57  Overlord x3  
  89  9:05  Overlord  
  89  9:09  Overlord x2  
  89  9:15  Queen  
  91  9:17  Queen  
  91  9:21  Queen  
  95  9:29  Infestation Pit  
  94  9:51  Queen  
  96  9:52  Queen  
  96  9:57  Queen  
  100  10:06  Nydus Canal  
  100  10:09  Swarm Host  
  100  10:10  Swarm Host x9  
  129  10:43  Overlord  
  129  10:44  Overlord x4  
  129  10:46  Spire  
  128  11:01  Queen x2  
  122  11:17  Queen  
  124  11:22  Zergling x2  
  124  11:23  Swarm Host  
  124  11:24  Swarm Host x12  
  164  11:37  Queen  
  142  11:53  Queen  
  127  11:57  Pathogen Glands  
  127  12:01  Mutalisk x12  
  127  12:05  Nydus Canal  
  151  12:12  Queen  
  149  12:23  Infestor  
  149  12:24  Infestor x2  
  149  12:28  Queen  
  128  12:48  Mutalisk x2, Queen  
  128  13:04  Queen  
  125  13:23  Nydus Canal  
  125  13:26  Infestor x2  
  109  14:01  Queen  
  113  14:05  Nydus Canal  
Tags
 
Add a new tag
Caveats
  • Supply blocks, unpowered buildings, or Contaminate may cause inaccurate times.
  • Supply counts are checked every 10 seconds.